 Dungeon Crawl Stone Soup version 0.20.1-1-g8b1a95d (webtiles) character file.

142 Gremour the Slasher (level 5, -3/32 HPs)
             Began as a Gargoyle Fighter on Nov 12, 2017.
             Slain by an iguana (7 damage)
             ... on level 2 of the Dungeon.
             The game lasted 00:11:00 (2003 turns).

Gremour the Slasher (Gargoyle Fighter)              Turns: 2003, Time: 00:11:00

Health: -3/32      AC: 10    Str: 20    XL:     5   Next: 24%
Magic:  5/5        EV:  7    Int: 13    God:
Gold:   98         SH:  9    Dex: 10    Spells: 4/4 levels left

rFire    . . .     SeeInvis .   a - +0 long sword
rCold    . . .     Gourm    .   c - +0 shield
rNeg     + . .     Faith    .   b - +0 scale mail
rPois    ∞         Spirit   .   (no helmet)
rElec    +         Reflect  .   (no cloak)
rCorr    .         Harm     .   (no gloves)
MR       .....                  (no boots)
Stlth    ..........             (no amulet)
Regen    0.1/turn               (no ring)
MPRegen  0.1/turn               (no ring)

@: brilliant, flying (expiring)
A: negative energy resistance 1, electricity resistance, unbreathing,
petrification resistance, rot immunity, AC +4
a: no special abilities


You were on level 2 of the Dungeon.
You were hungry.

You visited 1 branch of the dungeon, and saw 2 of its levels.

You collected 98 gold pieces.

Inventory:

Hand Weapons
 a - a +0 long sword (weapon)
Armour
 b - a +0 scale mail (worn)
 c - a +0 shield (worn)
Jewellery
 e - an uncursed amulet of guardian spirit {unknown}
 o - a cursed ring of teleportation {unknown}
Wands
 d - a wand of flame (13/48)
Scrolls
 g - 4 scrolls of remove curse {unknown}
 h - 2 scrolls of teleportation {unknown}
 i - 2 scrolls of amnesia {unknown}
 k - 2 scrolls of identify {unknown}
 p - a scroll of fog {unknown}
Potions
 j - a potion of flight
 n - a potion of lignification {unknown}
Comestibles
 f - 2 bread rations


   Skills:
 - Level 3.2 Fighting
 + Level 4.8 Long Blades
 - Level 3.2 Armour
 - Level 3.2 Shields


You had 4 spell levels left.
You didn't know any spells.

Dungeon Overview and Level Annotations

Branches:
Dungeon (2/15)

Altars:
Fedhas
Hepliaklqana


Innate Abilities, Weirdness & Mutations

You are resistant to torment.
Your stone body is resilient. (AC +4)
You are immune to poison.
You resist negative energy. (rN+)
You are resistant to electric shocks. (rElec)
You can survive without breathing.
You are immune to petrification.
You are immune to rotting.


Message History

The orc wizard hits you but does no damage.
You see here 13 gold pieces.
You are starting to lose your buoyancy.
The orc wizard hits you but does no damage.
Your shield and scale mail prevent you from hitting the iguana.
You feel less confused. The iguana bites you!
You block the orc wizard's attack. The iguana bites you!
* * * LOW HITPOINT WARNING * * *
Unknown command.
The orc wizard gestures wildly while chanting.
The orc wizard flickers and vanishes!
Deactivating autopickup; reactivate with Ctrl-A.
The iguana bites you.
* * * LOW HITPOINT WARNING * * *
There is a transporter here.
You enter the transporter and appear at another place.
Something hits you.
* * * LOW HITPOINT WARNING * * *
The iguana bites you!
You die...

#############
##........./.## ##
####..#########..#
...#....##.......##.#
........#8..#.#..8#.#
........#$?#...#..#.####
........l.#.?.......#..##.
..........@#_$....[..#©...(
...........#}$.......#..##.
<..........#$[#...#..#.....
[........#8..#.#..8#.....
........##...§...##.###.
.####.#.#...#########..# #.
..........#......)....## ##
###..#.######........#####
# #.# #.###....#....


You could see an iguana.

Vanquished Creatures
  Natasha (thrice) (D:2)
  An adder (D:2)
  An ooze (D:2)
  2 worms (D:2)
  A dart slug (D:1)
  2 leopard geckos (D:2)
  A giant cockroach (D:1)
  8 goblins
  2 hobgoblins (D:2)
  2 jackals (D:2)
  A ball python (D:1)
  5 bats
  3 frilled lizards
  12 kobolds
  2 rats (D:2)
46 creatures vanquished.

Notes
Turn   | Place    | Note
-------+----------+-------------------------------------------
     0 | D:1      | Gremour the Gargoyle Fighter began the quest for the Orb.
     0 | D:1      | Reached XP level 1. HP: 14/14 MP: 1/1
     6 | D:1      | Noticed a black bear
     6 | D:1      | Noticed a swamp drake
   211 | D:1      | Reached skill level 2 in Long Blades
   292 | D:1      | Reached XP level 2. HP: 19/19 MP: 2/2
   772 | D:1      | Reached skill level 3 in Long Blades
   880 | D:1      | Reached XP level 3. HP: 23/23 MP: 3/3
  1038 | D:2      | Found a transporter.
  1137 | D:2      | Found a blossoming altar of Fedhas.
  1167 | D:2      | Noticed Natasha
  1405 | D:2      | Killed Natasha
  1405 | D:2      | Reached XP level 4. HP: 28/28 MP: 4/4
  1437 | D:2      | Noticed Natasha
  1456 | D:2      | Killed Natasha
  1456 | D:2      | Reached skill level 4 in Long Blades
  1692 | D:2      | Noticed Natasha
  1693 | D:2      | Found a transporter.
  1699 | D:2      | Found a hazy altar of Hepliaklqana.
  1708 | D:2      | Killed Natasha
  1708 | D:2      | Reached XP level 5. HP: 15/32 MP: 5/5
  2003 | D:2      | Slain by an iguana

Skill      XL: |  1  2  3  4 |
---------------+-------------+-----
Long Blades    | 2 3 4 |  4.8
Fighting       | |  3.2
Armour         | |  3.2
Shields        | |  3.2

Action                   |  1- 3 |  4- 6 || total
-------------------------+-------+-------++-------
Melee: Long sword        |   111 |    54 ||   165
       Unarmed           |     6 |    16 ||    22
  Use: Potion            |       |     4 ||     4
  Eat: Chunk             |     2 |     1 ||     3
Armor: Scale mail        |    46 |    40 ||    86
Dodge: Dodged            |    30 |    32 ||    62
Block: Shield            |    70 |    24 ||    94
       Rpst.: Long sword |     7 |     8 ||    15
